Map: Oceanborn LE

Players

MaxPax

  • Race: Protoss Protoss
  • League: Master
  • Spawn Location: 5:00

Dark - Winner!

  • Race: Zerg Zerg
  • Spawn Location: 11:00

VOD

Have the link to the VOD?

Description

Time

  • Played on: Dec. 20, 2023, 8:26 a.m.
  • Length: 10:41
Show
View Real Time Build Order
Export as new Build Order

MaxPax Protoss 

Build Orders: 1 Gate Expand, Oracle Opening 

Get SALT Encoding   

  12  0:00  Probe  
  13  0:12  Probe  
  14  0:19  Pylon  
  14  0:24  Probe (Chrono Boost)  
  15  0:37  Probe (Chrono Boost)  
  15  0:39  Gateway  
  16  0:45  Probe (Chrono Boost)  
  16  0:49  Assimilator  
  17  0:52  Probe  
  18  1:04  Probe  
  19  1:17  Probe  
  20  1:27  Nexus  
  20  1:36  Cybernetics Core  
  20  1:40  Probe  
  20  1:45  Assimilator  
  21  1:52  Probe  
  22  1:55  Pylon  
  22  2:04  Probe  
  23  2:10  Adept (Chrono Boost)  
  25  2:16  Probe  
  25  2:17  Stargate  
  26  2:27  Warp Gate  
  26  2:28  Probe (Chrono Boost)  
  27  2:30  Adept (Chrono Boost)  
  29  2:39  Probe (Chrono Boost)  
  31  2:46  Probe (Chrono Boost)  
  31  2:49  Probe (Chrono Boost)  
  32  2:53  Probe (Chrono Boost)  
  32  2:54  Probe (Chrono Boost)  
  34  3:03  Oracle (Chrono Boost)  
  34  3:04  Probe  
  34  3:06  Probe  
  34  3:08  Adept  
  40  3:16  Probe  
  40  3:18  Probe  
  41  3:29  Pylon, Probe  
  41  3:30  Probe  
  43  3:37  Oracle (Chrono Boost)  
  46  3:46  Gateway  
  46  3:47  Probe  
  47  3:50  Probe  
  48  3:59  Probe  
  48  4:02  Probe  
  50  4:10  Nexus  
  50  4:11  Probe  
  50  4:14  Pylon  
  50  4:16  Probe  
  52  4:23  Probe  
  53  4:26  Assimilator  
  53  4:28  Assimilator, Probe  
  53  4:29  Oracle (Chrono Boost)  
  54  4:35  Probe  
  58  4:40  Probe  
  58  4:41  Pylon  
  59  4:47  Probe  
  59  4:49  Forge, Twilight Council  
  59  4:52  Probe  
  61  4:54  Pylon  
  61  4:59  Stalker, Probe  
  64  5:01  Stalker  
  64  5:04  Probe  
  67  5:11  Probe  
  68  5:17  Probe (Chrono Boost)  
  69  5:24  Probe x2 (Chrono Boost)  
  72  5:29  Gateway, Probe (Chrono Boost)  
  72  5:31  Gateway  
  72  5:32  Gateway x2  
  72  5:33  Probe (Chrono Boost)  
  72  5:34  Probe (Chrono Boost)  
  72  5:35  Probe (Chrono Boost)  
  74  5:38  Probe (Chrono Boost)  
  74  5:41  Blink (Chrono Boost)  
  74  5:45  Probe x2  
  76  5:50  Protoss Ground Weapons Level 1  
  76  5:56  Shield Battery  
  77  5:58  Pylon  
  77  6:01  Stalker x2  
  77  6:02  Photon Cannon  
  77  6:03  Shield Battery  
  80  6:06  Shield Battery  
  80  6:09  Photon Cannon  
  80  6:12  Pylon  
  80  6:22  Pylon  
  80  6:24  Photon Cannon  
  80  6:25  Stalker x3  
  81  6:35  Stalker  
  81  6:39  Shield Battery  
  81  6:41  Stalker  
  81  6:46  Stalker  
  81  6:49  Pylon  
  81  6:51  Photon Cannon  
  81  6:53  Stalker x3  
  82  7:03  Stalker  
  82  7:05  Probe  
  85  7:11  Stalker  
  85  7:13  Photon Cannon  
  85  7:15  Pylon  
  83  7:18  Stalker x4  
  83  7:21  Probe  
  72  7:30  Stalker  
  70  7:39  Stalker  
  70  7:42  Stalker x4  
  76  7:56  Robotics Facility  
  68  7:58  Pylon  
  68  8:05  Stalker x6  
  79  8:23  Probe  
  79  8:26  Protoss Ground Armor Level 1 (Chrono Boost)  
  80  8:30  Stalker x5  
  80  8:31  Stalker  
  92  8:44  Warp Prism (Chrono Boost)  
  94  8:56  Stalker x3  
  94  8:57  Stalker  
  102  9:03  Pylon  
  102  9:18  Pylon  
  103  9:24  Observer  
  103  9:29  Pylon x2  
  103  9:30  Stalker x3  
  109  9:39  Robotics Bay  
  109  9:42  Stalker x2  
  109  9:44  Stalker  
  111  9:48  Stalker  
  109  10:11  Zealot x6  
Show
View Real Time Build Order
Export as new Build Order

Dark Zerg - Winner!

Build Orders: Hatch First 

Get SALT Encoding   

  12  0:00  Drone  
  13  0:12  Overlord  
  13  0:17  Drone  
  14  0:31  Drone x2  
  16  0:48  Hatchery  
  15  0:52  Drone  
  15  0:55  Drone  
  17  0:59  Drone  
  18  1:09  Extractor  
  17  1:15  Spawning Pool  
  17  1:16  Drone  
  17  1:20  Drone  
  18  1:29  Drone  
  19  1:39  Drone  
  20  1:51  Overlord  
  20  2:02  Queen x2  
  20  2:04  Zergling x4  
  26  2:11  Metabolic Boost  
  26  2:15  Drone  
  26  2:16  Drone  
  26  2:22  Drone  
  29  2:24  Drone  
  30  2:32  Drone  
  30  2:35  Drone  
  32  2:43  Hatchery  
  31  2:44  Zergling x2  
  31  2:45  Zergling x2  
  33  2:56  Overlord  
  33  2:57  Zergling x2  
  35  3:05  Drone x2  
  35  3:14  Drone x6  
  41  3:21  Drone, Overlord  
  41  3:26  Queen  
  41  3:31  Spore Crawler, Queen  
  44  3:34  Spore Crawler  
  44  3:35  Drone  
  44  3:42  Zergling x2  
  44  3:43  Zergling x2  
  44  3:44  Drone  
  44  3:47  Drone x2  
  44  3:48  Drone  
  48  3:55  Zergling x2  
  48  3:56  Zergling x2  
  48  3:57  Drone  
  48  4:00  Queen  
  48  4:02  Drone, Queen  
  54  4:05  Drone  
  54  4:06  Drone  
  58  4:11  Overlord  
  58  4:14  Overlord  
  58  4:22  Overlord  
  58  4:26  Overlord  
  58  4:29  Queen  
  60  4:33  Drone x6  
  64  4:39  Lair  
  64  4:40  Drone  
  64  4:42  Drone  
  64  4:45  Drone x2  
  68  4:49  Drone x3  
  68  4:50  Drone  
  73  4:52  Drone  
  73  4:53  Drone  
  73  4:57  Roach Warren  
  73  5:02  Drone x2, Extractor x2  
  73  5:03  Drone  
  73  5:04  Extractor  
  73  5:05  Extractor  
  73  5:06  Overlord  
  72  5:08  Drone  
  72  5:09  Pneumatized Carapace  
  73  5:15  Overlord  
  73  5:22  Spore Crawler, Overlord  
  72  5:31  Overlord  
  72  5:40  Roach x6  
  87  5:50  Roach x3  
  87  5:51  Zergling x18  
  87  5:53  Overlord  
  98  5:59  Zergling x4  
  98  6:03  Ravager x2  
  102  6:06  Zergling x6  
  105  6:11  Ravager x2  
  105  6:13  Zergling x2  
  105  6:14  Zergling x2  
  105  6:18  Overlord  
  109  6:21  Zergling x2, Ravager  
  109  6:25  Zergling x2  
  110  6:36  Ravager x2  
  106  6:40  Zergling x20  
  106  6:45  Zergling x2  
  113  6:47  Queen x2, Ravager  
  113  6:52  Zergling x4  
  119  6:59  Zergling x2  
  119  7:00  Zergling x8  
  122  7:03  Overlord x2  
  119  7:09  Overlord  
  119  7:10  Zergling x10  
  118  7:17  Zergling x2  
  118  7:20  Zergling x2  
  113  7:26  Zergling x8  
  113  7:29  Zergling x10  
  117  7:30  Zergling x2  
  117  7:32  Spire  
  113  7:44  Zergling x6, Extractor  
  113  7:50  Evolution Chamber  
  105  7:54  Drone x6  
  111  8:01  Drone x2  
  111  8:04  Drone x3  
  114  8:10  Drone  
  113  8:22  Zerg Melee Weapons Level 1  
  113  8:23  Zergling x20  
  123  8:30  Zergling x8  
  127  8:37  Hatchery  
  126  8:44  Mutalisk  
  126  8:45  Mutalisk x5  
  126  8:48  Mutalisk x2  
  138  8:54  Mutalisk  
  144  8:56  Overlord x2  
  144  9:03  Overlord x2  
  144  9:14  Mutalisk x8  
  161  9:23  Mutalisk x3  
  166  9:27  Mutalisk  
  166  9:29  Zergling x10  
  173  9:33  Zergling x4  
  175  9:38  Mutalisk  
  175  9:44  Overlord x2  
  177  10:06  Mutalisk x4  
  181  10:08  Zergling x10  
  181  10:26  Hatchery  
Tags
 
Add a new tag
Caveats
  • Supply blocks, unpowered buildings, or Contaminate may cause inaccurate times.
  • Supply counts are checked every 10 seconds.